 Dungeon Crawl Stone Soup version 0.13-a0-2816-gd8154f0 (webtiles) character file.

298 PolkaDot the Sneak (level 4, 0/30 HPs)
             Began as a Vampire Enchanter on Aug 26, 2013.
             Slain by a worker ant (7 damage)
             ... while paralysed by a potion of paralysis
             ... on Level 3 of the Dungeon.
             The game lasted 00:15:32 (4904 turns).

PolkaDot the Sneak (Vampire Enchanter)              Turns: 4904, Time: 00:15:32

HP   0/30        AC  3     Str  7      XL: 4   Next: 61%
MP   0/8         EV  2     Int 23      God:
Gold 188         SH  0     Dex 14      Spells:  2 memorised,  0 levels left

Res.Fire  : . . .   See Invis. : +   a - +1 dagger {=f}
Res.Cold  : + + .   Warding    : .   b - +1 robe
Life Prot.: + + +   Conserve   : .   (no shield)
Res.Poison: +       Res.Corr.  : .   (no helmet)
Res.Elec. : .       Clarity    : .   (no cloak)
Sust.Abil.: . .     Spirit.Shd : .   (no gloves)
Res.Mut.  : .       Stasis     : .   (no boots)
Res.Rott. : +       Flight     : .   (no amulet)
Saprovore : . . .                    (no ring)
                                     (no ring)

@: paralysed, non-regenerating, brilliant, very slightly contaminated, slightly
resistant to hostile enchantments, very stealthy
A: fangs 3, see invisible, unbreathing
a: Bat Form


You were on level 3 of the Dungeon.
You were bloodless.

You visited 1 branch of the dungeon, and saw 4 of its levels.

You collected 168 gold pieces.

Inventory:

Hand weapons
 a - a +1,+1 dagger (weapon) {=f}
 k - a +1,+1 orcish dagger of returning
Missiles
 d - 10 darts (quivered)
 f - 7 darts of dispersal
Armour
 b - a +1 robe (worn)
Scrolls
 e - 2 scrolls of blinking {unknown}
 g - 2 scrolls of identify {unknown}
 h - a scroll of curse jewellery {unknown}
 i - a scroll of fog {unknown}
 j - a scroll of fear {unknown}
 l - 2 scrolls of remove curse {unknown}
Books
 c - a book of Maledictions

   Spells                             Type                      Level
   *Corona                            Hexes                        1
   Sure Blade                         Hexes/Charms                 2
   Ensorcelled Hibernation            Hexes/Ice                    2
   Confuse                            Hexes                        3
   *Enslavement                       Hexes                        4
   Invisibility                       Hexes                        6


   Skills:
 - Level 2.4 Short Blades
 - Level 0.7 Throwing
 - Level 2.2 Dodging
 * Level 6.4 Stealth
 + Level 1.3 Spellcasting
 + Level 4.5 Hexes


You couldn't memorise any spells.
You knew the following spells:

 Your Spells              Type           Power        Failure   Level  Hunger
a - Corona                Hex            #####..      1%          1    #......
e - Enslavement           Hex            #####...     3%          4    #####..


Dungeon Overview and Level Annotations

Branches:
Dungeon (4/27)
 Temple: D:4-7

Altars:


Innate Abilities, Weirdness & Mutations

You do not heal naturally.
You have razor-sharp teeth.*
You have supernaturally acute eyesight.
You can survive without breathing.*


Message History

Press: ? - help, Shift-Dir - straight line, f - worker ant
Aim: a worker ant You miscast Enslavement.
You are very lightly contaminated with residual magic.
Your hands glow momentarily.
The worker ant bites you but does no damage.
Casting: Enslavement
Confirm with . or Enter, or press ? or * to list all spells.
Aiming: Enslavement
Press: ? - help, Shift-Dir - straight line, f/p - worker ant
Aim: a worker ant The worker ant struggles to resist.
The worker ant closely misses you.
Drink which item? (? for menu, Esc to quit)
You feel more clever all of a sudden.
It was a potion of brilliance.
The worker ant closely misses you.
Drink which item? (? for menu, Esc to quit)
You suddenly lose the ability to move!
It was a potion of paralysis.
The worker ant bites you but does no damage.
The worker ant bites you!
You die...

##....###.#.####.#
##....# #.#.####.####
#...### #...........#
#.#.# ###.#.#..##.#
..#.# #.#.#..##.#
#.#.#######.#.#..##.#
.........##.#.#..##.#
%..%####.##.#.....#.#
..%.####.......a@.#.#
...............#..#.#
......#####.##.#..#.#
......# #.##.#..#.#
......# #.##.#..#.#
......# #.##.#..#.##
###...# #.##.#.....#
##.#######.##.#..####
#................#


You could see a worker ant.

Vanquished Creatures
  2 adders
  A worm (D:3)
  3 giant geckos
  6 orcs
  A ball python (D:3)
  3 giant cockroaches
  8 goblins
  9 hobgoblins
  9 jackals
  3 quokkas
  6 bats
  5 giant newts
  10 kobolds
  9 rats
  A plant (D:1)
76 creatures vanquished.

Vanquished Creatures (others)
  5 toadstools (D:1)
5 creatures vanquished.

Grand Total: 81 creatures vanquished

Notes
Turn   | Place    | Note
--------------------------------------------------------------
     0 | D:1      | PolkaDot, the Vampire Enchanter, began the quest for the Orb.
     0 | D:1      | Reached XP level 1. HP: 13/13 MP: 4/4
   303 | D:1      | Reached XP level 2. HP: 11/19 MP: 5/5
  1437 | D:1      | Reached XP level 3. HP: 17/24 MP: 6/6
  2496 | D:2      | Reached skill level 5 in Stealth
  3412 | D:2      | Reached XP level 4. HP: 30/30 MP: 8/8
  3862 | D:3      | Reached skill level 6 in Stealth
  3868 | D:3      | Learned a level 4 spell: Enslavement
  4819 | D:4      | Noticed an ogre
  4904 | D:3      | Paralysed by a potion of paralysis for 2 turns
  4904 | D:3      | Slain by a worker ant

Action                   |  1- 3 |  4- 6 || total
-------------------------+-------+-------++-------
Melee: Dagger            |   516 |    80 ||   596
Throw: Dart              |       |     5 ||     5
 Cast: Corona            |     3 |     3 ||     6
       Enslavement       |       |     4 ||     4
  Use: Potion            |     4 |     5 ||     9
 Stab: Sleeping          |     3 |     4 ||     7
       Distracted        |     1 |       ||     1
